 Dungeon Crawl Stone Soup version 0.28-a0-938-gbc3f381ebc (webtiles) character file.

Game seed: 3262126338116208542

20547 ders the Geomancer (level 12, -9/59 HPs)
             Began as a Gargoyle Earth Elementalist on Nov 29, 2021.
             Was an Elder of Vehumet.
             Mangled by an orc knight (31 damage)
             ... on level 11 of the Dungeon.
             The game lasted 00:26:30 (18812 turns).

ders the Geomancer (Gargoyle Earth Elementalist)   Turns: 18812, Time: 00:26:31

Health: -9/59      AC: 17    Str: 18    XL:     12   Next: 80%
Magic:  19/36      EV: 11    Int: 24    God:    Vehumet [****..]
Gold:   632        SH:  6    Dex: 10    Spells: 19/33 levels left

rFire   . . .      SeeInvis .   M - +2 rapier of Fusaalug {freeze, Drain MP+9 Str+5 Int+4}
rCold   . . .      Faith    +   D - +2 buckler
rNeg    + . .      Spirit   .   t - +0 steam dragon scales
rPois   ∞          Reflect  .   I - +2 hat {Will+}
rElec   +          Harm     .   e - +1 cloak
rCorr   .          Rampage  .   (no gloves)
Will    +....                   (no boots)
Stlth   ++........              F - amulet of faith
HPRegen 0.19/turn               u - ring of wizardry
MPRegen 0.25/turn               o - ring of flight

@: flying
A: sickness immunity, AC +8, negative energy resistance 1, electricity
resistance, torment resistance 1, petrification resistance
a: Renounce Religion


You were on level 11 of the Dungeon.
You worshipped Vehumet.
Vehumet was greatly pleased with you.
You visited 3 branches of the dungeon, and saw 13 of its levels.

You collected 632 gold pieces.

Inventory:

Hand Weapons
 i - a +1 morningstar
 M - the +2 rapier of Fusaalug (weapon) {freeze, Drain MP+9 Str+5 Int+4}
   (You took it off an orc wizard on level 10 of the Dungeon)

   It freezes those it strikes, dealing additional cold damage.
   It can also slow down cold-blooded creatures.
   Str:       It affects your strength (+5).
   Int:       It affects your intelligence (+4).
   MP:        It affects your magic capacity (+9).
   Drain:     It drains your maximum health when unequipped.
Missiles
 n - 330 stones
 A - 13 throwing nets
Armour
 b - a +0 robe
 e - a +1 cloak (worn)
 t - +0 steam dragon scales (worn)
 D - a +2 buckler (worn)
 I - a +2 hat of willpower (worn)
Magical Staves
 B - a staff of fire
Jewellery
 m - a ring of positive energy
 o - a ring of flight (right hand)
 u - a ring of wizardry (left hand)
 y - a ring of protection from cold
 F - an amulet of faith (around neck)
Wands
 d - a wand of polymorph (6)
 q - a wand of paralysis (22)
 s - a wand of iceblast (15)
 x - a wand of digging (3)
Scrolls
 j - 4 scrolls of enchant armour
 k - 2 scrolls of teleportation
 p - a scroll of vulnerability
 r - 3 scrolls of fear
 C - 2 scrolls of magic mapping
 E - 2 scrolls of identify
 H - a scroll of silence
 J - a scroll of amnesia
 O - a scroll of fog {unknown}
Potions
 a - 3 potions of haste
 c - 3 potions of heal wounds {unknown}
 f - 3 potions of curing
 g - a potion of degeneration
 h - a potion of might
 l - a potion of experience
 v - 3 potions of berserk rage
 w - 2 potions of brilliance {unknown}
 z - a potion of flight {unknown}
 G - 2 potions of lignification {unknown}
 L - a potion of mutation {unknown}
 N - 2 potions of ambrosia
Miscellaneous
 K - a phantom mirror


   Skills:
 - Level 1.5 Dodging
 - Level 2.1 Stealth
 - Level 4.0 Shields
 + Level 11.2 Spellcasting
 + Level 12.9 Conjurations
 - Level 0.7 Transmutations
 + Level 14.5 Earth Magic


You had 19 spell levels left.
You knew the following spells:

 Your Spells              Type           Power      Damage    Failure   Level
a - Sandblast             Erth           100%       2d20      0%          1
b - Stone Arrow           Conj/Erth      100%       3d13      1%          3
c - Borgnjor's Vile Clut  Necr/Erth      24%        N/A       2%          5
d - Lee's Rapid Deconstr  Erth           35%        3d19*     1%          5

Your spell library contained the following spells:

 Spells                   Type           Power      Damage    Failure   Level
 Yara's Violent Unravell  Hex/Tmut       7%         3d5       12%         5
 Beastly Appendage        Tmut           32%        N/A       1%          1
 Passwall                 Tmut/Erth      41%        N/A       1%          2
 Poisonous Vapours        Pois/Air       26%        N/A       1%          2
 Leda's Liquefaction      Hex/Erth       24%        N/A       1%          4
 Petrify                  Tmut/Erth      50%        N/A       1%          4
 Corpse Rot               Necr/Air       26%        N/A       2%          2
 Wereblood                Tmut           16%        N/A       2%          2
 Spider Form              Tmut/Pois      15%        N/A       4%          3
 Alistair's Intoxication  Tmut/Pois      10%        N/A       38%         5
 Metabolic Englaciation   Hex/Ice        6%         N/A       45%         5
 Eringya's Noxious Bog    Tmut/Pois      7%         N/A       47%         6
 Statue Form              Tmut/Erth      Unusable   N/A       N/A         6

Dungeon Overview and Level Annotations

Branches:
Dungeon (11/15)            Temple (1/1) D:5            Lair (1/6) D:9
    Orc: D:9-12

Altars:
Ashenzari
Cheibriados
Dithmenos
Elyvilon
Fedhas
Gozag
Hepliaklqana
Kikubaaqudgha
Makhleb
Nemelex Xobeh
Okawaru
Qazlal
Ru
Sif Muna
Trog
Uskayaw
Vehumet
Wu Jian
Xom
Yredelemnul
Zin
The Shining One
Beogh
Lugonu

Shops:
D:1 (   D:6 [


Innate Abilities, Weirdness & Mutations

You are immune to sickness and miasma.
Your stone body is resilient. (AC +8)
You are immune to poison.
You resist negative energy. (rN+)
You are resistant to electric shocks. (rElec)
You are resistant to unholy torment.
You are immune to petrification.


Message History

The orc knight is lightly wounded.
You block the orc knight's attack.
Unknown command.
Casting: Stone Arrow (safe; 1% risk of failure)
Confirm with . or Enter, or press ? or * to list all spells.
Aiming: Stone Arrow (safe; 1% risk of failure)
Press: ? - help, Shift-Dir - straight line, f/p - orc knight
Aim: an orc knight, wielding a +0 bardiche and wearing a +0 plate armour (lightly wounded, 78% to hit)
The stone arrow hits the orc knight!
The orc knight is moderately wounded.
The orc knight barely misses you.
Unknown command.
Casting: Stone Arrow (safe; 1% risk of failure)
Confirm with . or Enter, or press ? or * to list all spells.
Aiming: Stone Arrow (safe; 1% risk of failure)
Press: ? - help, Shift-Dir - straight line, f/p - orc knight
Aim: an orc knight, wielding a +0 bardiche and wearing a +0 plate armour (moderately wounded, 78% to hit)
The stone arrow hits the orc knight!
The orc knight is heavily wounded.
The orc knight hits you from afar with a +0 bardiche!
Unknown command.
Casting: Stone Arrow (safe; 1% risk of failure)
Confirm with . or Enter, or press ? or * to list all spells.
Aiming: Stone Arrow (safe; 1% risk of failure)
Press: ? - help, Shift-Dir - straight line, f/p - orc knight
Aim: an orc knight, wielding a +0 bardiche and wearing a +0 plate armour (heavily wounded, 78% to hit)
The stone arrow hits the orc knight!
The orc knight is severely wounded.
The orc knight hits you from afar with a +0 bardiche!!
Unknown command.
Casting: Stone Arrow (safe; 1% risk of failure)
Confirm with . or Enter, or press ? or * to list all spells.
Aiming: Stone Arrow (safe; 1% risk of failure)
Press: ? - help, Shift-Dir - straight line, f/p - orc knight
Aim: an orc knight, wielding a +0 bardiche and wearing a +0 plate armour (severely wounded, 78% to hit)
The stone arrow hits the orc knight.
The orc knight is severely wounded.
The orc knight hits you from afar with a +0 bardiche!!
Ouch! That really hurt!
You die...

#..# #..#
#..######## ###
#.......... ..#
##..#########.#
######..o.......#.#
........>....o.#.#.#
.###.#.#.#####.#.#.#
#. #.#.# #@#<..# #
..#.#######.###
####.#.......#
#.#.####### #.# #.#


You could see an orc knight.

Vanquished Creatures
  Gastronok (D:9)
  An ogre mage (D:10)
  4 two-headed ogres (D:10)
  Pikel (D:5)
  A cyclops (D:10)
  A guardian serpent (shapeshifter) (D:10)
  Maggie (D:6)
  3 kobold demonologists (D:10)
  2 trolls
  Grinder (D:6)
  A hornet (D:9)
  A meliai zombie (D:11)
  Sigmund (D:5)
  A wraith (D:10)
  2 wyverns
  17 yaks
  Menkaure (D:4)
  16 wargs (D:10)
  Edmund (D:6)
  3 water moccasins
  Duvessa (D:4)
  An acid dragon (D:10)
  2 hell hounds (D:10)
  15 orc warriors
  A sky beast (D:5)
  A black bear (D:7)
  A wolf (D:6)
  2 ogres
  5 centaurs
  5 kobold brigands
  8 bullfrogs
  7 gnoll sergeants
  A wyvern zombie (D:8)
  3 scorpions
  A wyvern skeleton (D:7)
  Dowan (D:4)
  6 killer bees
  4 howler monkeys
  2 electric eels (D:7)
  2 bullfrog zombies
  8 hounds
  5 centaur zombies
  A jelly (D:5)
  4 gnoll shamans
  16 orc priests
  A centaur skeleton (D:6)
  Ijyb (D:3)
  18 orc wizards
  A killer bee zombie (D:8)
  A hound skeleton (D:4)
  37 gnolls
  2 howler monkey zombies (D:9)
  10 adders
  2 ufetubi
  3 worms
  2 dart slugs
  38 orcs
  5 endoplasms
  5 giant cockroaches
  7 goblins
  10 hobgoblins
  12 jackals
  A quokka (D:2)
  6 ball pythons
  4 bats
  6 frilled lizards
  13 kobolds
  4 rats
352 creatures vanquished.

Vanquished Creatures (others)
  54 fungi
  53 plants
107 creatures vanquished.

Grand Total: 459 creatures vanquished

Notes
Turn   | Place    | Note
-------+----------+-------------------------------------------
     0 | D:1      | ders the Gargoyle Earth Elementalist began the quest for
                  | the Orb.
     0 | D:1      | Reached XP level 1. HP: 10/10 MP: 3/3
    56 | D:1      | Found Afamar's Antique Weapon Emporium.
   196 | D:1      | Reached XP level 2. HP: 15/15 MP: 0/5
   442 | D:1      | Reached skill level 1 in Conjurations
  1016 | D:2      | Reached skill level 4 in Earth Magic
  1241 | D:2      | Reached XP level 3. HP: 19/19 MP: 3/6
  1331 | D:2      | Learned a level 3 spell: Stone Arrow
  1694 | D:2      | Reached XP level 4. HP: 24/24 MP: 1/8
  2381 | D:3      | Found an ancient bone altar of Kikubaaqudgha.
  2485 | D:3      | Reached XP level 5. HP: 28/28 MP: 2/9
  2640 | D:3      | Found a glowing golden altar of the Shining One.
  2642 | D:3      | Noticed an angel
  2652 | D:3      | Found a basalt altar of Yredelemnul.
  2654 | D:3      | Noticed a profane servitor
  2666 | D:3      | Found a hide-covered altar of Uskayaw.
  2921 | D:3      | Found an iron altar of Okawaru.
  2968 | D:3      | Found a faded altar of an unknown god.
  3043 | D:3      | Noticed Ijyb
  3045 | D:3      | Paralysed by Ijyb for 3 turns
  3049 | D:3      | Paralysed by Ijyb for 3 turns
  3052 | D:3      | Killed Ijyb
  3053 | D:3      | Reached skill level 5 in Earth Magic
  3289 | D:3      | Found a snail-covered altar of Cheibriados.
  3291 | D:3      | Found a sparkling altar of Nemelex Xobeh.
  3291 | D:3      | Found a white marble altar of Elyvilon.
  3293 | D:3      | Found a shimmering altar of Xom.
  3293 | D:3      | Found a burning altar of Makhleb.
  3293 | D:3      | Found a snail-covered altar of Cheibriados.
  3652 | D:4      | Noticed an ogre
  3665 | D:4      | Killed an ogre
  3666 | D:4      | Reached XP level 6. HP: 32/32 MP: 0/11
  4258 | D:4      | Found a white marble altar of Elyvilon.
  4263 | D:4      | Noticed Dowan
  4264 | D:4      | Noticed Duvessa
  4268 | D:4      | Killed Duvessa
  4269 | D:4      | Reached skill level 6 in Earth Magic
  4283 | D:4      | Killed Dowan
  4284 | D:4      | Reached XP level 7. HP: 26/36 MP: 1/13
  4393 | D:4      | Noticed Menkaure
  4397 | D:4      | Killed Menkaure
  5666 | D:5      | Entered Level 5 of the Dungeon
  5670 | D:5      | Found a sparkling altar of Nemelex Xobeh.
  5671 | D:5      | Found a burning altar of Makhleb.
  5675 | D:5      | Reached skill level 5 in Conjurations
  5686 | D:5      | Found an opulent altar of Gozag.
  5756 | D:5      | Reached skill level 7 in Earth Magic
  5784 | D:5      | Reached XP level 8. HP: 34/41 MP: 1/15
  5912 | D:5      | Reached skill level 5 in Spellcasting
  6036 | D:5      | Noticed Sigmund
  6040 | D:5      | Killed Sigmund
  6224 | D:5      | Found a staircase to the Ecumenical Temple.
  6334 | Temple   | Entered the Ecumenical Temple
  6746 | D:5      | Found an ornate altar of the Wu Jian Council.
  6943 | D:6      | Reached skill level 8 in Earth Magic
  7112 | D:6      | Noticed Edmund
  7404 | D:6      | Reached XP level 9. HP: 38/45 MP: 14/18
  7515 | D:6      | Killed Edmund
  7563 | D:6      | Noticed Pikel
  7586 | D:5      | Killed Pikel
  7587 | D:5      | Reached skill level 9 in Earth Magic
  8138 | D:6      | Noticed Maggie
  8147 | D:6      | Killed Maggie
  8407 | D:6      | Found a stormy altar of Qazlal.
  9223 | D:6      | Found Jeishuss's Armour Shop.
  9379 | D:6      | Noticed Grinder
  9384 | D:6      | Killed Grinder
  9385 | D:6      | Reached XP level 10. HP: 50/50 MP: 3/20
  9543 | D:6      | Reached skill level 10 in Earth Magic
 10151 | D:7      | Found a shadowy altar of Dithmenos.
 10566 | D:7      | Learned a level 5 spell: Borgnjor's Vile Clutch
 11615 | D:8      | Found a radiant altar of Vehumet.
 11624 | D:8      | Became a worshipper of Vehumet
 11766 | D:8      | Found a bloodstained altar of Trog.
 12416 | D:9      | Learned a level 5 spell: Lee's Rapid Deconstruction
 12494 | D:9      | Reached skill level 11 in Earth Magic
 12897 | D:9      | Found a staircase to the Lair.
 13285 | D:9      | Reached skill level 10 in Conjurations
 13285 | D:9      | Reached XP level 11. HP: 54/54 MP: 5/23
 13285 | D:9      | Reached * piety under Vehumet
 13285 | D:9      | Offered knowledge of Foxfire by Vehumet.
 13477 | D:9      | Noticed Gastronok
 13681 | D:9      | Killed Gastronok
 13682 | D:9      | Reached skill level 12 in Earth Magic
 13719 | Lair:1   | Entered Level 1 of the Lair of Beasts
 13719 | Lair:1   | Noticed an oklob plant
 14321 | D:10     | Entered Level 10 of the Dungeon
 14603 | D:10     | Identified the +8 chain mail of Good Intentions {rC- Regen+
                  | Str+3 Slay+2}
 14868 | D:10     | Offered knowledge of Static Discharge by Vehumet.
 14930 | D:10     | Found a snail-covered altar of Cheibriados.
 15017 | D:10     | Reached ** piety under Vehumet
 15390 | D:10     | Noticed a two-headed ogre
 15753 | D:10     | Noticed a two-headed ogre
 15842 | D:10     | Killed a two-headed ogre
 15843 | D:10     | Reached skill level 13 in Earth Magic
 15936 | D:10     | Noticed a soul eater
 16029 | D:10     | Noticed a two-headed ogre
 16038 | D:10     | Reached skill level 10 in Spellcasting
 16147 | D:10     | Noticed a cyclops
 16166 | D:10     | Killed a cyclops
 16166 | D:10     | Offered knowledge of Inner Flame by Vehumet.
 16362 | D:10     | Reached XP level 12. HP: 59/59 MP: 17/26
 16367 | D:10     | Noticed an ogre mage
 16661 | D:10     | Reached *** piety under Vehumet
 17405 | D:10     | Killed a two-headed ogre
 17411 | D:10     | Killed a two-headed ogre
 17563 | D:10     | Identified the +2 rapier of Fusaalug {freeze, Drain MP+9
                  | Str+5 Int+4}
 17565 | D:10     | Killed an ogre mage
 17565 | D:10     | Offered knowledge of Fulminant Prism by Vehumet.
 17580 | D:10     | Reached skill level 14 in Earth Magic
 17976 | D:10     | Noticed a two-headed ogre
 17998 | D:10     | Killed a two-headed ogre
 18626 | D:11     | Reached **** piety under Vehumet
 18635 | D:11     | Offered knowledge of Yara's Violent Unravelling by Vehumet.
 18812 | D:11     | Mangled by an orc knight

Illustrated notes

Levels and vault maps discovered:
D:1:      dpeg_arrival_tiny_f, layout_basic, serial_shops, shop
D:2:      minmay_angry_zag, layout_basic
D:3:      layout_loops_ring, grunt_temple_overflow_holy_war,
          nicolae_overflow_crystal_walls, doesnt_xom_only_xom,
          kiku_gazebo_pond_becter, mainiacjoe_overflow_boulevard,
          shapermc_ecumenical_altar_mp_highgroup, kennysheep_generic_room_13,
          uniq_ijyb
D:4:      layout_layer_cave, mainiacjoe_overflow_catwalk, kennysheep_orc_chapel,
          uniq_menkaure, uniq_duvessa
D:5:      layout_rooms, nicolae_wu_jian_wuxing_cycle,
          chequers_temple_overflow_statue_of_worship,
          minmay_temple_entry_nine_rooms, uniq_sigmund
D:6:      layout_cave_pools, mainiacjoe_overflow_alcove_1, serial_gnoll_camp,
          gnoll_camp_mini_loothouse, gnoll_camp_medium_02, gnoll_camp_huts_moat,
          gnoll_camp_mini_shop, uniq_grinder, uniq_maggie, uniq_edmund,
          uniq_pikel
D:7:      layout_rooms, kennysheep_mini, chequers_big_river,
          minmay_misc_feat_encased, eino_tiny_chamber, kennysheep_donut
D:8:      layout_basic, trog_book, vehumet_crystals
D:9:      layout_roguey, due_lair_maze_entry_diamond, serial_curves,
          eino_curves_03, eino_curves_01, special_room [special_room_orc],
          uniq_gastronok
D:10:     lemuel_castle_with_subvaults [lemuel_castle_interior_carwin_2],
          layout_irregular_city, lemuel_doored_altar, nooodl_orcs_dogs
D:11:     layout_basic, special_room [special_room_orc],
          small_chamber_with_monster
Temple:   corrupted_temple
Lair:1:   gammafunk_cloud_chamber, layout_chaotic_city, columned_hall_lemuel,
          nicolae_quartered_pool_impasse, dpeg_stationary_puzzle,
          lemuel_fruit_fields

Skill      XL: |  1  2  3  4  5  6  7  8  9 10 11 12 |
---------------+-------------------------------------+-----
Conjurations   | 1 2 3 4 5 6 8 10 11 12 | 12.9
Earth Magic    | 4 5 6 7 8 9 11 13 14 | 14.5
Spellcasting   | 3 4 6 7 8 10 11 | 11.2
Shields        | 4 |  4.0
Dodging        | |  1.5
Stealth        | |  2.1
Transmutations | |  0.7

Action                   |  1- 3 |  4- 6 |  7- 9 | 10-12 || total
-------------------------+-------+-------+-------+-------++-------
Melee: Unarmed           |     6 |       |       |       ||     6
       Morningstar       |    22 |    11 |     6 |     7 ||    46
 Cast: Sandblast         |    30 |    25 |    70 |    78 ||   203
       Stone Arrow       |     7 |    33 |   111 |   244 ||   395
       Lee's Rapid Decon |       |       |       |    26 ||    26
       Borgnjor's Vile C |       |       |       |    50 ||    50
  Use: Scroll            |       |       |    16 |     5 ||    21
Armor: Robe              |     8 |    25 |    25 |       ||    58
       Steam dragon scal |       |       |    18 |    87 ||   105
Dodge: Dodged            |    22 |    34 |    43 |    86 ||   185
Block: Buckler           |       |       |    11 |    36 ||    47

Table legend: (Time is in decaauts)
 A = Elapsed time spent in this place.
 B = Non-inter-level travel time spent in this place.
 C = Inter-level travel time spent in this place.
 D = Time resting spent in this place.
 E = Time spent auto-exploring this place.
 F = Levels seen in this place.
 G = Mean time per level.
                   A        B        C        D        E       F      G
               +--------+--------+--------+--------+--------+-----+--------+
         Total |  18868 |  18322 |    546 |   7788 |   7824 |  13 | 1451.4 |
       Dungeon |  18721 |  18184 |    537 |   7690 |   7801 |  11 | 1701.9 |
        Temple |     41 |     32 |      9 |      0 |     23 |   1 |   41.0 |
          Lair |    105 |    105 |      0 |     98 |      0 |   1 |  105.0 |
               +--------+--------+--------+--------+--------+-----+--------+

Top non-repeatable levels by time:
    D:10: 3633 daAuts
     D:9: 2520 daAuts
     D:6: 2134 daAuts
     D:5: 2099 daAuts
     D:4: 2017 daAuts
     D:3: 1435 daAuts
     D:2: 1281 daAuts
     D:8: 1210 daAuts
     D:7: 1161 daAuts
     D:1: 1004 daAuts
    D:11: 222 daAuts
  Lair:1: 105 daAuts
  Temple: 41 daAuts
